 Dungeon Crawl Stone Soup version 0.31.0-12-g77e489cdc1 (webtiles) character file.

Game seed: 16178870583439309953

33 DoomSlayer the Changeling (level 3, -2/16 HPs)
             Began as a Human Shapeshifter on Feb 19, 2024.
             Hit by a boomerang thrown by an orc (4 damage)
             ... on level 3 of the Dungeon.
             The game lasted 00:02:47 (794 turns).

DoomSlayer the Changeling (Human Shapeshifter)       Turns: 794, Time: 00:02:47

Health: -2/16      AC:  0    Str: 16    XL:     3   Next: 29%
Magic:  3/3        EV: 16    Int: 15    God:
Gold:   99         SH:  0    Dex: 12    Spells: 2/2 levels left

rFire   + .          .
                       - Unarmed
rCold   . . .        (shield currently unavailable)
rNeg    . . .        a - melded +1 animal skin
rPois   .            (no helmet)
rElec   .            (no cloak)
rCorr   .            (no gloves)
SInv    .            (no boots)
Will    .....        (no amulet)
Stlth   +            f - ring "Sionyzi" {rF+ Int+5}
HPRegen 0.22/turn    (no ring)
MPRegen 0.08/turn

%: no passive effects
@: flux-form, glowing
A: glow, contaminating, reduced hp, explore regen
a: Begin Untransformation


You were on level 3 of the Dungeon.
You were something dangerously unstable.
You visited 1 branch of the dungeon, and saw 3 of its levels.

You collected 99 gold pieces.

Inventory:

Armour
 a - a +1 animal skin (melded)
Jewellery
 f - the ring "Sionyzi" (left hand) {rF+ Int+5}
   (You found it on level 2 of the Dungeon)

   [ring of protection from fire]

   Int+5:     It affects your intelligence (+5).
   rF+:       It protects you from fire.
Talismans
 c - a beast talisman
 d - a flux talisman (active)
Scrolls
 g - a scroll of identify
Potions
 b - a potion of lignification
 e - a potion of heal wounds
 h - a potion of attraction {unknown}


   Skills:
 * Level 1.1 Fighting
 * Level 0.4 Armour
 * Level 2.3 Dodging
 * Level 0.4 Stealth
 * Level 3.3 Unarmed Combat
 * Level 3.4 Shapeshifting


You had 2 spell levels left.
You didn't know any spells.
Your spell library was empty.

Dungeon Overview and Level Annotations

Branches:
Dungeon (3/15)

Altars:


Innate Abilities, Weirdness & Mutations

You are something dangerously unstable.
You glow with magical radiation, making you easy to see and hit.
Foes you strike become dangerously contaminated with magical radiation.
Your maximum health is decreased, since you lack skill for your form.
You are incapable of wielding weapons or throwing items.
You regain HP and MP as you explore.


Message History

A hobgoblin comes into view.
There is an open door here.
The hobgoblin closely misses you. The hobgoblin hits you.
You barely miss the hobgoblin. The hobgoblin misses you.
You hit the hobgoblin.
You kill the hobgoblin!
A ball python comes into view.
The ball python hisses angrily.
You barely miss the ball python. The ball python closely misses you.
The ball python grabs you. The ball python constricts you.
You barely miss the ball python. The ball python closely misses you.
The ball python constricts you.
You hit the ball python.
You kill the ball python!
The jackal barks!
You hear a bark!
A ball python comes into view.
The jackal barks!
You hear a bark!
The ball python closely misses you. The ball python misses you.
You hit the ball python.
You kill the ball python!
The jackal barks!
Found a robe.
An orc comes into view.
It is wielding a +1 hand axe of electrocution.
The orc shouts!
An orc comes into view. It is wielding a +0 hand axe.
Found a coppery potion.
The orc throws a boomerang.
The boomerang hits you.
An orc comes into view. It is wielding a +0 club.
You hit the orc but do no damage.
The orc begins to glow.
The orc hits you with a +1 hand axe of electrocution.
You hit the orc but do no damage.
The orc glows dangerously bright.
The orc closely misses you. The orc completely misses you.
You hit the orc.
The orc begins to glow.
The orc is severely wounded.
The orc misses you. x2
The orc hits you with a +1 hand axe of electrocution!
Ouch! That really hurt!
* * * LOW HITPOINT WARNING * * *
The orc throws a boomerang.
The boomerang hits you.
You die... .#... .#h# . ####.#h ### .. ....# .hb

...#### ############### .......
#.......#...... .......
#.#####.#.# .!.....##o#
###.#.### #..oo.p# #...#...#
#.[.#### #.### #.# #...
##.#####.## #... #.........# ..
#### #.........# ...#########
#.........#
...#.......#######......#.##
...#..[.........##......#.#
...#............##......#.#####


You could see 3 orcs.

Vanquished Creatures
  An adder (D:2)
  2 ball pythons (D:3)
  An endoplasm (D:3)
  2 giant cockroaches (D:1)
  3 goblins
  4 hobgoblins
  2 kobolds (D:1)
  A quokka (D:2)
  A bat (D:2)
  4 rats
21 creatures vanquished.

Notes
Turn   | Place    | Note
-------+----------+-------------------------------------------
     0 | D:1      | DoomSlayer the Human Shapeshifter began the quest for the
                  | Orb.
     0 | D:1      | Reached XP level 1. HP: 15/15 MP: 1/1
   269 | D:1      | Reached XP level 2. HP: 21/21 MP: 2/2
   518 | D:2      | Reached XP level 3. HP: 16/26 MP: 3/3
   522 | D:2      | Identified the ring "Sionyzi" {rF+ Int+5}
   794 | D:3      | Hit by a boomerang thrown by an orc

Illustrated notes

Levels and vault maps discovered:
D:1:      eino_arrival_water_cross, layout_basic, chequers_jeans
D:2:      layout_basic
D:3:      layout_basic, serial_co_window_serial, co_window_cross_1,
          co_window_corner_a, co_window_of_opportunity_a,
          co_window_of_opportunity_a, co_window_corner_a, co_window_cross_3,
          co_window_broadway_b, co_window_broadway_c, co_window_paths_c,
          co_window_4corner_a, co_window_paths_d, uniq_terence

Action                     || total
---------------------------++-------
  Melee: Unarmed           ||    67
    Use: Scroll            ||     2
 Armour: Animal skin       ||     5
         Skin              ||    11
  Dodge: Dodged            ||    51
   Form: Flux              ||     1
